 Dungeon Crawl Stone Soup version 0.30-a0-509-gd016549fea (webtiles) character file.

Game seed: 7490004449157993490

66931 mhtbhm the Severer (level 15, 0/98 HPs)
             Began as a Gargoyle Berserker on Dec 22, 2022.
             Was a High Priest of Trog.
             Slain by a phantasmal warrior (5 damage)
             ... on level 2 of the Snake Pit on Dec 23, 2022.
             The game lasted 00:35:44 (26777 turns).

mhtbhm the Severer (Gargoyle Berserker)            Turns: 26777, Time: 00:35:44

Health: 0/98       AC: 38    Str: 38    XL:     15   Next: 21%
Magic:  15/15      EV: 10    Int:  8    God:    Trog [*****.]
Gold:   580        SH:  8    Dex:  9    Spells: 14/14 levels left

rFire   + + .      SeeInvis .    a - +2 broad axe (vorpal)
rCold   . . .      Faith    .    c - +3 buckler "Nazxount" {rElec Str+6}
rNeg    + . .      Spirit   .    b - +2 scale mail {rF+}
rPois   ∞          Reflect  .    d - +1 hat {Stlth+}
rElec   +          Harm     .    z - +2 cloak
rCorr   .          Rampage  +    I - +0 pair of gloves {hurl}
Will    .....                    m - +1 pair of boots {rampage}
Stlth   ++........               (no amulet)
HPRegen 0.36/turn                O - ring "Efrotith" {rElec rF+ AC+4 Str+4 Dex+2}
MPRegen 0.14/turn                E - +4 ring of protection

@: about to teleport, weak-willed, flying, constricted
A: sickness immunity, AC +11, big wings, negative energy resistance 1,
electricity resistance, torment resistance 1, petrification resistance, clumsy
1, deterioration 1, subdued magic 1
a: Renounce Religion, Berserk, Trog's Hand, Brothers in Arms


You were on level 2 of the Snake Pit.
You worshipped Trog.
Trog was extremely pleased with you.
You visited 5 branches of the dungeon, and saw 20 of its levels.

You collected 2047 gold pieces.
You spent 1467 gold pieces at shops.

Inventory:

Hand Weapons
 a - a +2 vorpal broad axe (weapon)
Missiles
 e - 29 poisoned darts (quivered)
Armour
 b - a +2 scale mail of fire resistance (worn)
 c - the +3 buckler "Nazxount" (worn) {rElec Str+6}
   (You found it on level 2 of the Lair of Beasts)

   Str:       It affects your strength (+6).
   rElec:     It insulates you from electricity.
 d - a +1 hat of stealth (worn)
 m - a +1 pair of boots of rampaging (worn)
 z - a +2 cloak (worn)
 I - a +0 pair of gloves of hurling (worn)
Jewellery
 n - a ring of see invisible
 E - a +4 ring of protection (right hand)
 H - a ring of resist corrosion
 N - a ring of positive energy
 O - the ring "Efrotith" (left hand) {rElec rF+ AC+4 Str+4 Dex+2}
   (You found it on level 7 of the Dungeon)

   [ring of protection]

   AC:        It affects your AC (+4).
   Str:       It affects your strength (+4).
   Dex:       It affects your dexterity (+2).
   rF:        It protects you from fire.
   rElec:     It insulates you from electricity.
Wands
 s - a wand of flame (52)
 y - a wand of charming (13)
 P - a wand of mindburst (4)
Scrolls
 f - 11 scrolls of teleportation
 i - 6 scrolls of summoning
 j - 3 scrolls of brand weapon
 k - 8 scrolls of immolation
 l - 2 scrolls of fog
 o - a scroll of silence
 r - 2 scrolls of enchant armour
 v - a scroll of fear
 w - a scroll of poison
 x - 2 scrolls of vulnerability
 C - 2 scrolls of blinking {unknown}
 L - 6 scrolls of identify
 M - a scroll of enchant weapon
Potions
 g - 7 potions of curing
 h - 2 potions of heal wounds
 p - 2 potions of attraction {unknown}
 q - 5 potions of lignification
 t - a potion of might {unknown}
 u - 6 potions of flight {unknown}
 A - 4 potions of degeneration {unknown}
 B - a potion of cancellation {unknown}
 D - 2 potions of brilliance {unknown}
 F - a potion of invisibility {unknown}
 G - a potion of resistance
 J - a potion of mutation {unknown}
 K - a potion of haste


   Skills:
 + Level 13.1 Fighting
 + Level 15.5 Axes
 + Level 0.4 Throwing
 + Level 11.3 Armour
 + Level 9.8 Dodging
 + Level 5.7 Stealth
 + Level 6.8 Shields
 + Level 2.5 Evocations


You had 14 spell levels left.
You didn't know any spells.
Your spell library was empty.

Dungeon Overview and Level Annotations

Branches:
Dungeon (12/15)            Temple (0/1) D:5            Lair (3/5) D:9
  Swamp (0/4) Lair:2        Snake (2/4) Lair:3          Orc (2/2) D:12
    Elf (1/3) Orc:2

Altars:
Ashenzari
Cheibriados
Dithmenos
Elyvilon
Hepliaklqana
Kikubaaqudgha
Nemelex Xobeh
Sif Muna
Trog
Vehumet
Wu Jian
Xom

Shops:
D:5 [   D:6 *   D:9 [   D:11 [!*   Orc:2 [=[:

Annotations:
Elf:1 3 runed translucent doors, Maidghol's ghost, adept OpAE


Innate Abilities, Weirdness & Mutations

You are immune to sickness and miasma.
Your stone body is resilient. (AC +11)
You are immune to poison.
Your large and strong wings let you fly.
You resist negative energy. (rN+)
You are resistant to electric shocks. (rElec)
You are resistant to unholy torment.
You are immune to petrification.
You are clumsy. (Dex -2)
Your body sometimes deteriorates upon taking damage.
Your spells are a little easier to cast, but a little less powerful.


Message History

The phantasmal warrior barely misses you.
Unknown command.
Unknown command.
Okay, then.
Okay, then.
Okay, then.
Okay, then.
Okay, then.
Unknown command.
Unknown command.
You hit the phantasmal warrior but do no damage.
The phantasmal warrior is severely damaged.
You slice the phantasmal warrior!! You hit the naga warrior.
You hit the phantasmal warrior but do no damage.
You slice the naga warrior!! The naga warrior spits poison at you.
You block the splash of poison. The naga warrior constricts you.
The naga ritualist hits you from afar with a +0 halberd!
* * * LOW HITPOINT WARNING * * *
The naga warrior hits you with a +0 mace!
* * * LOW HITPOINT WARNING * * *
You block the phantasmal warrior's attack.
The phantasmal warrior hits you!
* * * LOW HITPOINT WARNING * * *
The phantasmal warrior hits you but does no damage.
Unknown command.
Unknown command.
You feel much better.
The naga warrior hits you with a +0 war axe!
* * * LOW HITPOINT WARNING * * *
The naga warrior constricts you.
The naga ritualist hits you but does no damage.
The phantasmal warrior gestures at you.
The phantasmal warrior blinks!
The naga warrior spits poison at you.
The splash of poison hits you but does no damage.
You resist.
The phantasmal warrior hits you but does no damage.
The phantasmal warrior hits you.
You die...

.. ~~##~~ ..#.
#...... .#[ ....N..
... ....... ... #.#
..W.... ....
#.##.......
...##..NWN.....
###..##..W@N§.....
#.##.#...W##......
#..#.#....##~~##~~
##..#.###......#
##...^.............
##......†..#....####
. #.........###.###
.. #...†.....# ##
##.####)#....#


You could see 2 naga warriors, a naga ritualist (strong), 4 phantasmal warriors
and a naga (strong).

Vanquished Creatures
  Gastronok (Orc:1)
  Nessos (Lair:3)
  2 hydras
  6 anacondas
  A centaur warrior (D:12)
  A boulder beetle (Lair:2)
  A dancing weapon (Elf:1)
  Erica (D:9)
  2 two-headed ogres
  5 naga warriors
  2 shock serpents
  A naga sharpshooter (Snake:1)
  5 orc high priests
  Nergalle (Lair:3)
  A deep elf knight (Elf:1)
  A sea snake (Snake:1)
  6 orc knights
  A phantasmal warrior (Snake:2)
  An orange crystal statue (D:12)
  Pikel (D:9)
  7 orc sorcerers
  3 mana vipers (Snake:1)
  A deep elf pyromancer (D:12)
  2 deep elf zephyrmancers (Elf:1)
  5 cyclopes
  4 salamanders
  3 manticores
  3 ugly things (D:12)
  Maurice (D:9)
  4 elephants (Lair:3)
  15 black mambas
  A gargoyle (D:12)
  4 naga magi (Snake:1)
  A guardian serpent (Snake:2)
  4 cane toads
  An unseen horror (D:12)
  An efreet (D:9)
  7 komodo dragons
  2 polar bears (Lair:1)
  4 trolls
  A slime creature (D:12)
  Prince Ribbit (D:6)
  5 blink frogs (Lair:2)
  Sigmund (D:6)
  2 shadows
  A vampire (D:12)
  4 wyverns
  The ghost of Darkkill the Shooter, an amateur MiHu (D:4)
  A basilisk (Lair:2)
  13 yaks
  3 wraiths
  Grum (D:9)
  5 vampire mosquitoes
  16 nagas
  7 acid dragons
  2 wargs
  8 water moccasins
  25 orc warriors
  A sky beast (D:7)
  2 black bears
  7 centaurs
  14 wolves
  4 lemures (D:9)
  A kobold brigand (D:11)
  11 bullfrogs
  3 necrophages
  2 gnoll sergeants
  4 scorpions
  10 wights
  21 killer bees
  2 electric eels (Snake:1)
  5 howler monkeys
  A jelly (D:7)
  5 hounds
  20 orc priests
  Crazy Yiuf (D:6)
  26 orc wizards
  Natasha (D:3)
  4 iguanas
  4 hell rats (Lair:3)
  9 gnolls
  7 adders
  A shadow imp (D:6)
  4 white imps
  A worm (D:4)
  A dart slug (D:3)
  89 orcs
  2 bats
  6 endoplasms
  5 giant cockroaches
  5 goblins
  5 hobgoblins
  2 jackals (D:1)
  9 kobolds
  3 quokkas (D:2)
  7 ball pythons
  A frilled lizard (D:2)
  2 rats
519 creatures vanquished.

Vanquished Creatures (collateral kills)
  2 orc knights (Orc:1)
  A cyclops (Orc:1)
  2 wargs
  2 orc warriors (Orc:1)
  An ogre (Orc:1)
  2 orcs
10 creatures vanquished.

Vanquished Creatures (others)
  An orc wizard (D:9)
  22 fungi
  95 plants
118 creatures vanquished.

Grand Total: 647 creatures vanquished

Notes
Turn   | Place    | Note
-------+----------+-------------------------------------------
     0 | D:1      | mhtbhm the Gargoyle Berserker began the quest for the Orb.
     0 | D:1      | Reached XP level 1. HP: 14/14 MP: 1/1
   618 | D:2      | Reached XP level 2. HP: 19/19 MP: 2/2
   812 | D:2      | Reached skill level 3 in Axes
   951 | D:2      | Found a snail-covered altar of Cheibriados.
  1176 | D:2      | Reached XP level 3. HP: 21/24 MP: 3/3
  1841 | D:3      | Found a faded altar of an unknown god.
  1996 | D:3      | Noticed a scorpion
  2015 | D:3      | Killed a scorpion
  2016 | D:3      | Reached XP level 4. HP: 19/29 MP: 4/4
  2173 | D:3      | Found a broken altar of Ashenzari.
  2219 | D:3      | Reached ** piety under Trog
  2220 | D:3      | Reached XP level 5. HP: 33/33 MP: 5/5
  2231 | D:3      | Found a shimmering blue altar of Sif Muna.
  2231 | D:3      | Found a white marble altar of Elyvilon.
  2241 | D:3      | Found a faded altar of an unknown god.
  2243 | D:3      | Found an ornate altar of the Wu Jian Council.
  2245 | D:3      | Found a faded altar of an unknown god.
  2783 | D:3      | Noticed Natasha
  2807 | D:3      | Killed Natasha
  2811 | D:3      | Reached skill level 4 in Axes
  3023 | D:4      | Reached XP level 6. HP: 37/38 MP: 6/6
  3069 | D:4      | Found a shadowy altar of Dithmenos.
  3101 | D:4      | Found a runed translucent door.
  3121 | D:4      | Found a runed translucent door.
  3124 | D:4      | Noticed Darkkill's ghost (amateur MiHu)
  3146 | D:4      | Killed Darkkill's ghost
  3206 | D:4      | Reached skill level 5 in Axes
  3206 | D:4      | Reached XP level 7. HP: 42/44 MP: 7/7
  3486 | D:5      | Entered Level 5 of the Dungeon
  3539 | D:5      | Found a staircase to the Ecumenical Temple.
  3550 | D:5      | You fall into a shaft and drop 2 floors!
  3553 | D:7      | Noticed a wyvern
  3563 | D:7      | Killed a wyvern
  3640 | D:7      | Reached skill level 6 in Axes
  3640 | D:7      | Reached skill level 1 in Stealth
  3804 | D:7      | Reached XP level 8. HP: 48/48 MP: 8/8
  3858 | D:7      | Reached skill level 5 in Fighting
  4110 | D:7      | Identified the ring "Efrotith" {rElec rF+ AC+4 Str+4 Dex+2}
  4130 | D:7      | Reached *** piety under Trog
  4212 | D:7      | Reached skill level 5 in Armour
  4238 | D:7      | Reached skill level 7 in Axes
  4636 | D:7      | Reached XP level 9. HP: 54/54 MP: 9/9
  5038 | D:7      | Reached skill level 8 in Axes
  5172 | D:6      | Found Areekup's General Store.
  5173 | D:6      | Noticed Sigmund
  5182 | D:6      | Killed Sigmund
  5192 | D:6      | Noticed Prince Ribbit
  5216 | D:6      | Killed Prince Ribbit
  5298 | D:6      | Found an ancient bone altar of Kikubaaqudgha.
  5410 | D:6      | Found a snail-covered altar of Cheibriados.
  5756 | D:6      | Found a runed translucent door.
  5757 | D:6      | Noticed Crazy Yiuf
  5769 | D:6      | Killed Crazy Yiuf
  5983 | D:5      | Reached skill level 9 in Axes
  6092 | D:5      | Found a sparkling altar of Nemelex Xobeh.
  6099 | D:5      | Found a shimmering altar of Xom.
  6150 | D:5      | Found a bloodstained altar of Trog.
  6282 | D:5      | Reached **** piety under Trog
  6383 | D:5      | Found Noebujol's Antique Armour Emporium.
  6399 | D:5      | Bought an embroidered cloak for 195 gold pieces
  6982 | D:8      | Reached skill level 5 in Dodging
  6982 | D:8      | Reached XP level 10. HP: 51/60 MP: 10/10
  7935 | D:9      | Noticed a manticore
  7940 | D:9      | Found a hazy altar of Hepliaklqana.
  7940 | D:9      | Noticed a two-headed ogre
  7948 | D:9      | Found a radiant altar of Vehumet.
  7996 | D:9      | Noticed Grum
  8027 | D:9      | Killed Grum
  8485 | D:9      | Identified the +0 chain mail of Jaosom {Contam Drain rN+++
                  | Int+3}
  8762 | D:9      | Noticed Pikel
  8783 | D:9      | Killed Pikel
  8784 | D:9      | Reached skill level 10 in Axes
  8943 | D:9      | Killed a two-headed ogre
  9033 | D:9      | Noticed Maurice
  9034 | D:9      | Found Xewkeaka's Armour Shoppe.
  9077 | D:9      | Killed Maurice
  9244 | D:9      | Reached skill level 1 in Evocations
  9244 | D:9      | Reached XP level 11. HP: 46/67 MP: 11/11
  9541 | D:9      | Noticed Erica
  9543 | D:9      | Found a staircase to the Lair.
  9567 | D:9      | Killed Erica
  9858 | D:9      | Killed a manticore
 10138 | Lair:1   | Entered Level 1 of the Lair of Beasts
 10184 | Lair:1   | Reached skill level 11 in Axes
 11753 | Lair:2   | Noticed an eight-headed hydra
 12036 | D:10     | Entered Level 10 of the Dungeon
 12498 | D:10     | Reached XP level 12. HP: 75/75 MP: 12/12
 12499 | D:10     | Reached ***** piety under Trog
 12530 | D:10     | Reached skill level 12 in Axes
 12640 | D:10     | Noticed a two-headed ogre
 12665 | D:10     | Killed a two-headed ogre
 13412 | D:11     | Found Fux Wyli's Distillery.
 13422 | D:11     | Bought a potion of haste for 160 gold pieces
 13422 | D:11     | Bought a potion of haste for 160 gold pieces
 13422 | D:11     | Bought a potion of heal wounds for 80 gold pieces
 13422 | D:11     | Bought a potion of heal wounds for 80 gold pieces
 14007 | D:11     | Identified the +0 chain mail of Qakirph {Rampage Dex+3}
 14052 | D:11     | Found Bohanylakk's General Store.
 14525 | D:11     | Found Hymige's Armour Boutique.
 15366 | D:12     | Noticed a centaur warrior
 15379 | D:12     | Killed a centaur warrior
 15380 | D:12     | Reached skill level 1 in Shields
 15730 | D:12     | Reached skill level 10 in Fighting
 15730 | D:12     | Reached skill level 13 in Axes
 15925 | D:12     | Received a gift from Trog
 16447 | D:12     | Found a staircase to the Orcish Mines.
 16571 | D:12     | Reached XP level 13. HP: 82/82 MP: 0/13
 17483 | Orc:1    | Entered Level 1 of the Orcish Mines
 17519 | Orc:1    | Paralysed by an orc sorcerer for 3 turns
 17918 | Orc:2    | Entered Level 2 of the Orcish Mines
 17919 | Orc:2    | Paralysed by an orc sorcerer for 5 turns
 18520 | Orc:2    | Found a staircase to the Elven Halls.
 18549 | Orc:2    | Received a gift from Trog
 18606 | Orc:2    | Found Goukem's Book Shop.
 19234 | Orc:2    | Reached skill level 10 in Armour
 19695 | Orc:2    | Paralysed by an orc sorcerer for 4 turns
 19919 | Orc:2    | Gained mutation: You have hidden genetic defects. [a
                  | neqoxec]
 19920 | Orc:2    | Gained mutation: You are clumsy. (Dex -2) [a neqoxec]
 19961 | Orc:2    | Found Coshrusch's Antique Armour Shop.
 19974 | Orc:2    | Found Suaduwics's Armour Emporium.
 19974 | Orc:2    | Found Loil's Jewellery Emporium.
 20128 | Orc:2    | Bought a pair of runed boots for 270 gold pieces
 20128 | Orc:2    | Bought a pair of runed gloves for 270 gold pieces
 20202 | Orc:2    | Bought a glowing scale mail for 252 gold pieces
 20604 | Orc:1    | Noticed Gastronok
 20615 | Orc:1    | Reached skill level 14 in Axes
 20628 | Orc:1    | Killed Gastronok
 20628 | Orc:1    | Gained mutation: Your body sometimes deteriorates upon
                  | taking damage. [hidden defects]
 21339 | Elf:1    | Entered Level 1 of the Elven Halls
 21361 | Elf:1    | Gained mutation: Your spells are a little easier to cast,
                  | but a little less powerful. [hidden defects]
 21361 | Elf:1    | Lost mutation: You have hidden genetic defects. [hidden
                  | defects expressed]
 21645 | Elf:1    | Gained mutation: Your large and strong wings let you fly.
                  | [Gargoyle growth]
 21645 | Elf:1    | Reached XP level 14. HP: 67/91 MP: 14/14
 21782 | Elf:1    | Found a runed translucent gate.
 21782 | Elf:1    | Found a runed translucent gate.
 21782 | Elf:1    | Noticed a rockslime
 21783 | Elf:1    | Found a runed translucent gate.
 21783 | Elf:1    | Noticed Maidghol's ghost (adept OpAE)
 21783 | Elf:1    | Noticed an acid blob
 21783 | Elf:1    | Noticed an acid blob
 21783 | Elf:1    | Noticed a rockslime
 22508 | Lair:2   | Found a staircase to the Swamp.
 22771 | Lair:2   | Identified the +3 buckler "Nazxount" {rElec Str+6}
 23190 | Lair:2   | Reached skill level 5 in Stealth
 24075 | Lair:3   | Noticed Nessos
 24121 | Lair:3   | Killed Nessos
 24300 | Lair:3   | Received a gift from Trog
 24407 | Lair:3   | Reached skill level 5 in Shields
 24624 | Lair:3   | Noticed Nergalle
 24635 | Lair:3   | Killed Nergalle
 24678 | Lair:3   | Found a staircase to the Snake Pit.
 24709 | Snake:1  | Entered Level 1 of the Snake Pit
 25164 | Snake:1  | Reached skill level 15 in Axes
 25173 | Snake:1  | Reached ****** piety under Trog
 26358 | Snake:2  | Reached XP level 15. HP: 83/97 MP: 15/15
 26777 | Snake:2  | Slain by a phantasmal warrior

Illustrated notes

Levels and vault maps discovered:
D:1:      lightli_arrival_quake, layout_rooms
D:2:      layout_basic, basic_altar
D:3:      layout_basic, ashenzari_conservatory_becter,
          chequers_temple_overflow_minitemple, serial_curves, eino_curves_04,
          eino_curves_04, ebering_ecumenical_altar_sacrificial, uniq_natasha
D:4:      layout_cave_pools, nicolae_dithmenos_the_darkroom,
          ebering_ghost_sewer_f
D:5:      layout_loops_cross, bloody_trog, minitemple,
          minmay_temple_entry_glass, serial_shops, nicolae_shop_trees,
          kennysheep_generic_room_9
D:6:      cheibrodos_quashed, layout_rooms, kiku_gazebo_pond_becter,
          lemuel_round_altar, serial_shops, shop, kennysheep_generic_room_5,
          uniq_crazy_yiuf_cottage, uniq_sigmund, uniq_prince_ribbit1
D:7:      layout_loops_corners, roderic_roman_lattice, grunt_ministairs_4
D:8:      layout_gridville
D:9:      layout_roguey, nicolae_vehumet_radiance, david_lair_shrubbed,
          serial_shops, nicolae_shop_stone, minmay_ruined_shrine, uniq_pikel,
          uniq_erica, uniq_grum, uniq_maurice
D:10:     layout_roguey, special_room [special_room_orc]
D:11:     layout_layer_cave, serial_shops, nicolae_shop_behind_doors,
          nicolae_shop_advertising_works [nicolae_subvault_shop_adworks], shop,
          nicolae_eternal_life
D:12:     minmay_imperfect_grid, layout_layer_cave, david_orc_4,
          minmay_statue_bubble
Lair:1:   layout_cellular_growth, wad_woods_river_04
Lair:2:   nzn_winding_woodlands_small [nzn_winding_woodlands_5x15_sawtooth,
          nzn_winding_woodlands_center_garden,
          nzn_winding_woodlands_5x15_default], layout_cave_pods, swamp_mist,
          lemuel_fruit_fields
Lair:3:   gammafunk_mikee_crab_dinner, layout_loops_ring,
          minmay_snake_entry_guardpost_small, uniq_nergalle, uniq_nessos
Snake:1:  layout_onion_interference, st_stairs_4, nicolae_snake_gridmaze_zigzag,
          serial_bayou_shore_a
Snake:2:  layout_honeycomb, nicolae_snake_ghostly_warrior_ritual
Orc:1:    layout_caves, special_room [special_room_orc], uniq_gastronok
Orc:2:    st_orc_elflike, layout_caves, basic_altar, nicolae_orc_tapped_out
Elf:1:    eino_elf_arrival_sip, layout_loops_ring, gammafunk_ghost_ooze,
          kennysheep_underground_church, kilobyte_rumbling_trees

Skill      XL: |  1  2  3  4  5  6  7  8  9 10 11 12 13 14 15 |
---------------+----------------------------------------------+-----
Axes           | 3 4 5 6 7 9 10 11 13 14 15 | 15.5
Dodging        | 2 3 4 5 6 7 8 9 |  9.8
Armour         | 3 4 6 7 8 9 10 11 | 11.3
Fighting       | 4 5 6 7 8 10 11 12 13 | 13.1
Stealth        | 1 2 3 4 5 |  5.7
Evocations     | 1 2 |  2.5
Shields        | 2 4 6 |  6.8
Throwing       | |  0.4

Action                   |  1- 3 |  4- 6 |  7- 9 | 10-12 | 13-15 || total
-------------------------+-------+-------+-------+-------+-------++-------
Melee: Hand axe          |   104 |   124 |   369 |  1053 |   688 ||  2338
       Punch             |       |       |     4 |     5 |       ||     9
       Broad axe         |       |       |       |       |   323 ||   323
Throw: Dart              |     2 |       |       |       |     1 ||     3
Invok: Berserk           |       |     2 |     3 |     8 |     9 ||    22
       Brothers in Arms  |       |       |       |       |     1 ||     1
Evoke: Wand              |       |       |     3 |    19 |    12 ||    34
  Use: Scroll            |     6 |     1 |     2 |     4 |     7 ||    20
       Potion            |       |     1 |     2 |     3 |     8 ||    14
 Stab: Sleeping          |       |       |       |     5 |     7 ||    12
       Distracted        |       |       |       |       |     1 ||     1
Armor: Leather armour    |    39 |    70 |       |       |       ||   109
       Animal skin       |     1 |       |       |       |       ||     1
       Ring mail         |       |     8 |   251 |   669 |   146 ||  1074
       Scale mail        |       |       |       |       |   350 ||   350
Dodge: Dodged            |    74 |    80 |   275 |   613 |   396 ||  1438
Block: Buckler           |       |       |       |    68 |   274 ||   342

Table legend: (Time is in decaauts)
 A = Elapsed time spent in this place.
 B = Non-inter-level travel time spent in this place.
 C = Inter-level travel time spent in this place.
 D = Time resting spent in this place.
 E = Time spent auto-exploring this place.
 F = Levels seen in this place.
 G = Mean time per level.
                   A        B        C        D        E       F      G
               +--------+--------+--------+--------+--------+-----+--------+
         Total |  26432 |  26151 |    281 |   6317 |  13621 |  20 | 1321.6 |
       Dungeon |  15779 |  15610 |    169 |   2877 |   9130 |  12 | 1314.9 |
          Lair |   3973 |   3877 |     96 |    892 |   2348 |   3 | 1324.3 |
     Snake Pit |   2081 |   2081 |      0 |    555 |   1075 |   2 | 1040.5 |
  Orcish Mines |   3964 |   3948 |     16 |   1703 |    883 |   2 | 1982.0 |
   Elven Halls |    632 |    632 |      0 |    288 |    184 |   1 |  632.0 |
               +--------+--------+--------+--------+--------+-----+--------+

Top non-repeatable levels by time:
   Orc:2: 2812 daAuts
    D:12: 2397 daAuts
     D:9: 2232 daAuts
 Snake:1: 1812 daAuts
  Lair:2: 1750 daAuts
    D:11: 1652 daAuts
  Lair:1: 1608 daAuts
     D:7: 1577 daAuts
    D:10: 1360 daAuts
     D:8: 1245 daAuts
     D:2: 1237 daAuts
     D:3: 1197 daAuts
   Orc:1: 1152 daAuts
     D:5: 918 daAuts
     D:6: 855 daAuts
